 Dungeon Crawl Stone Soup version 0.25.0-9-g26727b657a (webtiles) character file.

Game seed: 6755214279894269127

85 Matador8 the Caller (level 4, -5/36 HPs)
             Began as a Naga Summoner on June 21, 2020.
             Killed by divine providence
             ... invoked by an orc priest
              (13 damage)
             ... on level 3 of the Dungeon.
             The game lasted 00:12:04 (3730 turns).

Matador8 the Caller (Naga Summoner)                 Turns: 3730, Time: 00:12:04

Health: -5/36      AC:  3    Str: 11    XL:     4   Next: 48%
Magic:  2/8        EV: 10    Int: 16    God:
Gold:   82         SH:  0    Dex: 11    Spells: 6/9 levels left

rFire    . . .     SeeInvis +   f - -1 dagger (curse)
rCold    . . .     Gourm    .   (no shield)
rNeg     . . .     Faith    .   a - +0 robe
rPois    +         Spirit   .   (no helmet)
rElec    .         Reflect  .   n - +0 cloak
rCorr    .         Harm     .   (no gloves)
MR       .....                  (no barding)
Stlth    ++........             (no amulet)
HPRegen  0.12/turn              (no ring)
MPRegen  0.11/turn              (no ring)

@: very slow
A: large, see invisible, deformed body, poison resistance, slowness 2, slow
metabolism 1, spit poison 1, AC +1
a: Spit Poison


You were on level 3 of the Dungeon.
You were hungry.

You visited 1 branch of the dungeon, and saw 3 of its levels.

You collected 82 gold pieces.

Inventory:

Hand Weapons
 f - a cursed -1 dagger (weapon)
 i - a cursed -1 short sword
Armour
 a - a +0 robe (worn)
 n - a +0 cloak (worn)
Jewellery
 k - a +4 ring of evasion {unknown}
Wands
 q - a wand of iceblast (10)
Scrolls
 b - a scroll of magic mapping {unknown}
 d - 2 scrolls of identify {unknown}
 h - a scroll of immolation {unknown}
 j - 4 scrolls of remove curse {unknown}
 l - a scroll of random uselessness {unknown}
 m - a scroll of blinking {unknown}
 o - 2 scrolls of teleportation {unknown}
 r - a scroll of fear {unknown}
Potions
 e - 2 potions of resistance {unknown}
 g - a potion of brilliance {unknown}
 p - a potion of curing {unknown}
Comestibles
 c - 2 rations
 s - 3 chunks of flesh


   Skills:
 - Level 1.5 Dodging
 + Level 4.1 Stealth
 * Level 3.0 Spellcasting
 * Level 4.8 Summonings


You had 6 spell levels left.
You knew the following spells:

 Your Spells              Type           Power        Failure   Level  Hunger
a - Summon Small Mammal   Summ           ###.         2%          1    #......
b - Call Imp              Summ           ###.....     4%          2    ##.....

Your spell library contained the following spells:

 Spells                   Type           Power        Failure   Level  Hunger
 Call Canine Familiar     Summ           ###.....     8%          3    ###....
 Summon Guardian Golem    Hex/Summ       ##......     21%         3    ###....
 Summon Ice Beast         Ice/Summ       ##......     56%         4    #####..
 Summon Lightning Spire   Summ/Air       ##......     56%         4    #####..


Dungeon Overview and Level Annotations

Branches:
Dungeon (3/15)

Altars:
Nemelex Xobeh
Okawaru


Innate Abilities, Weirdness & Mutations

You cannot wear boots.
Your serpentine skin is tough. (AC +1)
You have supernaturally acute eyesight. (SInv)
Armour fits poorly on your strangely shaped body.
Your system is resistant to poisons. (rPois)
You cover ground very slowly.
You have a slow metabolism.
You can spit poison.


Message History

The orc priest mumbles some strange prayers to Beogh against you.
Beogh smites you!
* * * LOW HITPOINT WARNING * * *
Your bat hits the orc priest.
The orc priest calls upon Beogh to heal the orc priest.
The orc priest's wounds heal themselves!
The orc priest hits your bat with a +0 mace.
Casting: Summon Small Mammal (safe; 2% risk of failure)
Confirm with . or Enter, or press ? or * to list all spells.
A beastly little devil appears in a puff of frigid air.
You are feeling hungry.
Your bat hits the orc priest.
The orc priest hits your bat with a +0 mace.
Your bat dies!
Your bat's corpse disappears in a puff of smoke!
The orc priest hits your iron imp with a +0 mace.
Your iron imp barely misses the orc priest.
The orc priest calls down the wrath of Beogh upon you.
Beogh smites you!
You die...

#.# #.# #.# #.###### #.#
#.##...# #.# #.##...#
#.###.##...#
########.#...##...#
.........#.####...#
######..#.####...############
#..........@555ooo........
####'#..#.###################
#.......#.# #.......#.#
#.......#.# # #.......#(# #
#......##.# #####
#......##.#################....
####>.((.)(.....(...........(..


You could see 2 orc priests, an orc wizard, a friendly iron imp (summoned), a
friendly white imp (summoned) and a friendly shadow imp (summoned).

Vanquished Creatures
  2 dart slugs
  A goblin (D:3)
  2 hobgoblins
  A jackal (D:1)
  A ball python (D:1)
  4 bats
  A frilled lizard (D:2)
  3 kobolds (D:1)
  2 rats (D:1)
17 creatures vanquished.

Vanquished Creatures (collateral kills)
  An orc priest (D:3)
  2 adders
  An ooze (D:1)
  A worm (D:2)
  A dart slug (D:1)
  A leopard gecko (D:2)
  7 orcs (D:3)
  A giant cockroach (D:2)
  2 goblins (D:2)
  3 hobgoblins
  5 jackals
  A kobold (D:3)
  A quokka (D:2)
  2 bats
  2 frilled lizards
  2 rats (D:2)
33 creatures vanquished.

Grand Total: 50 creatures vanquished

Notes
Turn   | Place    | Note
-------+----------+-------------------------------------------
     0 | D:1      | Matador8 the Naga Summoner began the quest for the Orb.
     0 | D:1      | Reached XP level 1. HP: 15/15 MP: 3/3
   319 | D:1      | Reached XP level 2. HP: 22/22 MP: 5/5
   323 | D:1      | Learned a level 2 spell: Call Imp
  1498 | D:1      | Reached XP level 3. HP: 17/28 MP: 6/6
  1944 | D:2      | Found an iron altar of Okawaru.
  2322 | D:2      | Found a sparkling altar of Nemelex Xobeh.
  2748 | D:2      | Found a faded altar of an unknown god.
  3262 | D:3      | Reached XP level 4. HP: 20/36 MP: 8/8
  3730 | D:3      | Killed from afar by an orc priest

Illustrated notes

Levels and vault maps discovered:
D:1:      matt_arrival_grand_opening, layout_loops_ring
D:2:      layout_loops_ring, kennysheep_okawaru_gauntlet,
          nicolae_overflow_hidden_temple, chequers_ecumenical_altar_simple,
          minmay_cupped
D:3:      layout_basic, lemuel_doored_altar, first_ration

Skill      XL: |  1  2  3  4 |
---------------+-------------+-----
Stealth        | 4 |  4.1
Spellcasting   | 3 |  3.0
Dodging        | |  1.5
Summonings     | |  4.8

Action                   |  1- 3 |  4- 6 || total
-------------------------+-------+-------++-------
Melee: Unarmed           |    13 |       ||    13
       Dagger            |   108 |     7 ||   115
 Cast: Summon Small Mamm |    24 |     4 ||    28
       Call Imp          |     7 |     8 ||    15
 Abil: Spit Poison       |     6 |       ||     6
 Stab: Sleeping          |     5 |     1 ||     6
  Eat: Chunk             |     5 |     2 ||     7
Armor: Robe              |    44 |     3 ||    47
Dodge: Dodged            |    71 |    11 ||    82
